 Dungeon Crawl Stone Soup version 0.31.0-32-g396128a36d (webtiles) character file.

Game seed: 17173588286243843649

1526 PaiMei the Grave Robber (level 8, 0/61 HPs)
             Began as a Demonspawn Necromancer on Apr 1, 2024.
             Slain by Joseph
             ... wielding a +0 quarterstaff
              (7 damage)
             ... on level 7 of the Dungeon.
             The game lasted 00:09:14 (8986 turns).

PaiMei the Grave Robber (Demonspawn Necromancer)    Turns: 8986, Time: 00:09:14

Health: 0/61       AC: 10    Str:  8    XL:     8   Next: 55%
Magic:  1/15       EV: 14    Int: 19    God:
Gold:   335        SH:  0    Dex: 17    Spells: 13/17 levels left

rFire   . . .        t - +0 whip (flame)
rCold   + . .        (no shield)
rNeg    . . .        G - +0 steam dragon scales
rPois   .            w - +1 hat
rElec   .            a - +0 cloak
rCorr   .            (no gloves)
SInv    +            (no boots)
Will    ++...        (no amulet)
Stlth   ++           z - ring "Diextoh" {rC+ Will+ Dex+4 SInv}
HPRegen 0.30/turn    F - ring of willpower
MPRegen 0.14/turn

%: no passive effects
@: studying Staves
A: horns 1, yellow scales 2, powered by death 1
a: no special abilities


You were on level 7 of the Dungeon.
You visited 2 branches of the dungeon, and saw 8 of its levels.

You collected 335 gold pieces.

Inventory:

Hand Weapons
 t - a +0 whip of flaming (weapon)
Missiles
 g - 18 poisoned darts
 r - 2 atropa-tipped darts (quivered)
 D - 4 throwing nets
Armour
 a - a +0 cloak (worn)
 w - a +1 hat (worn)
 G - +0 steam dragon scales (worn)
Jewellery
 z - the ring "Diextoh" (left hand) {rC+ Will+ Dex+4 SInv}
   (You found it on level 4 of the Dungeon)

   [ring of see invisible]

   Dex+4:     It affects your dexterity (+4).
   rC+:       It protects you from cold.
   Will+:     It increases your willpower.
   SInv:      It lets you see invisible.
 F - a ring of willpower (right hand)
Scrolls
 f - 6 scrolls of identify {unknown}
 h - a scroll of vulnerability {unknown}
 j - 2 scrolls of summoning {unknown}
 k - 2 scrolls of amnesia {unknown}
 o - 4 scrolls of teleportation {unknown}
 p - 3 scrolls of immolation {unknown}
 q - 2 scrolls of enchant armour {unknown}
 s - 2 scrolls of noise {unknown}
 u - 2 scrolls of enchant weapon {unknown}
 y - a scroll of torment {unknown}
 C - a scroll of silence {unknown}
 E - a scroll of poison {unknown}
Potions
 b - a potion of magic
 c - a potion of resistance {unknown}
 d - 3 potions of curing {unknown}
 e - 2 potions of ambrosia {unknown}
 i - 2 potions of cancellation {unknown}
 l - 3 potions of attraction {unknown}
 m - a potion of berserk rage {unknown}
 v - a potion of might {unknown}
 x - a potion of lignification {unknown}
 B - a potion of invisibility {unknown}


   Skills:
 + Level 4.9 Fighting
 + Level 5.1 Dodging
 - Level 2.2 Stealth
 + Level 5.2 Spellcasting
 + Level 7.4 Necromancy


You had 13 spell levels left.
You knew the following spells:

 Your Spells              Type           Power      Damage    Failure   Level
a - Necrotise             Necr           100%       1d9       1%          1
b - Vampiric Draining     Necr           33%        2d8       1%          3

Your spell library contained the following spells:

 Spells                   Type           Power      Damage    Failure   Level
 Animate Dead             Necr           33%        N/A       6%          4
 Sandblast                Erth           8%         2d5       12%         1
 Curse of Agony           Necr           33%        N/A       16%         5
 Jinxbite                 Hex            8%         N/A       19%         2
 Passwall                 Erth           4%         N/A       36%         3
 Stone Arrow              Conj/Erth      8%         3d7       36%         3
 Borgnjor's Vile Clutch   Necr/Erth      9%         N/A       58%         5
 Death Channel            Necr           16%        N/A       65%         6
 Brom's Barrelling Bould  Conj/Erth      4%         2d3       77%         4
 Yara's Violent Unravell  Hex/Alch       2%         3d3       98%         5
 Enfeeble                 Hex            2%         N/A       100%        7


Dungeon Overview and Level Annotations

Branches:
Dungeon (7/15)             Temple (1/1) D:7

Altars:
Ashenzari
Cheibriados
Dithmenos
Hepliaklqana
Makhleb
Nemelex Xobeh
Okawaru
Qazlal
Ru
Trog
Vehumet
Wu Jian
Xom
Yredelemnul

Annotations:
D:5 2 transporters
D:7 Joseph


Innate Abilities, Weirdness & Mutations

You have a pair of small horns on your head.
You are mostly covered in yellow scales. (AC +3)
You regenerate a little health from kills.


Message History

You hit Joseph. You burn Joseph.
Joseph is heavily wounded.
Joseph hits you with a +0 quarterstaff.
You closely miss Joseph. You headbutt Joseph.
Joseph is severely wounded.
Joseph closely misses you.
You hit Joseph. You burn Joseph. You headbutt Joseph, but do no damage.
Joseph is severely wounded.
Joseph hits you with a +0 quarterstaff!
Your magical contamination has completely faded away.
Casting: Vampiric Draining (safe; 1% risk of failure)
Confirm with . or Enter, or press ? or * to list all spells.
Aiming: Necrotise (safe; 1% risk of failure)
Press: ? - help, Shift-Dir - straight line, f/p - Joseph
Aim: Joseph, wielding a +0 quarterstaff and wearing a +0 leather armour (severely wounded, chance to affect: 70%) Joseph writhes in agony!
Joseph hits you but does no damage.
You hit Joseph but do no damage. You headbutt Joseph.
Joseph is almost dead.
Joseph hits you with a +0 quarterstaff!
Casting: Necrotise (safe; 1% risk of failure)
Confirm with . or Enter, or press ? or * to list all spells.
Aiming: Necrotise (safe; 1% risk of failure)
Press: ? - help, Shift-Dir - straight line, f/p - Joseph
Aim: Joseph, wielding a +0 quarterstaff and wearing a +0 leather armour (almost dead, chance to affect: 70%) Joseph writhes in agony.
Joseph hits you with a +0 quarterstaff!
* * * LOW HITPOINT WARNING * * *
Casting: Necrotise (safe; 1% risk of failure)
Confirm with . or Enter, or press ? or * to list all spells.
Aiming: Necrotise (safe; 1% risk of failure)
Press: ? - help, Shift-Dir - straight line, f/p - Joseph
Aim: Joseph, wielding a +0 quarterstaff and wearing a +0 leather armour (almost dead, chance to affect: 70%) Joseph struggles to resist.
Joseph hits you with a +0 quarterstaff!
* * * LOW HITPOINT WARNING * * *
Casting: Necrotise (safe; 1% risk of failure)
Confirm with . or Enter, or press ? or * to list all spells.
You don't have enough magic to cast this spell.
You closely miss Joseph. You headbutt Joseph.
Joseph is almost dead.
Joseph hits you with a +0 quarterstaff!
You die...

... ...........#.# ..
...........#.### .#
#.........§~~..# .#
.........~~§§~[# .#
#.......§~~~§~~# .#
#.......~§§>~§~## .#####
#.......~~~~§§§.## .....#
#......@.~~§~~...#
..##.####....[..@.~~~....#
...#..>..................#
....#####..........<.....#
....# #................#
....# #.......##########
...## ######### ..## ###


You could see Joseph.

Vanquished Creatures
  A steam dragon (D:6)
  A water moccasin (D:6)
  An orc warrior (D:6)
  A sky beast (D:6)
  An ice beast (D:5)
  A black bear (D:4)
  2 scorpions
  2 howler monkeys (D:6)
  5 bombardier beetles
  3 hounds
  A gnoll bouda (D:6)
  An orc priest (D:6)
  A jelly (D:3)
  4 iguanas
  An orc wizard (D:6)
  12 gnolls
  7 adders
  A white imp (D:5)
  2 dart slugs
  A ribbon worm (D:3)
  14 orcs
  A bat (D:2)
  5 endoplasms
  4 giant cockroaches
  4 goblins
  3 hobgoblins
  8 jackals
  6 kobolds
  4 quokkas
  4 ball pythons
  A frilled lizard (D:3)
  8 rats
111 creatures vanquished.

Vanquished Creatures (collateral kills)
  An endoplasm (D:3)
1 creature vanquished.

Grand Total: 112 creatures vanquished

Notes
Turn   | Place    | Note
-------+----------+-------------------------------------------
     0 | D:1      | PaiMei the Demonspawn Necromancer began the quest for the
                  | Orb.
     0 | D:1      | Reached XP level 1. HP: 13/13 MP: 3/3
     6 | D:1      | Noticed a brain worm
     6 | D:1      | Noticed an iguana
     6 | D:1      | Noticed a polar bear
     7 | D:1      | Noticed a killer bee
     7 | D:1      | Noticed a wolf
   540 | D:1      | Gained mutation: You are partially covered in yellow
                  | scales. (AC +2) [demonic ancestry]
   540 | D:1      | Reached XP level 2. HP: 19/19 MP: 1/5
  1226 | D:2      | Noticed a bombardier beetle
  1595 | D:2      | Reached XP level 3. HP: 19/24 MP: 0/6
  1599 | D:2      | Learned a level 3 spell: Vampiric Draining
  1943 | D:2      | Gained mutation: You regenerate a little health from kills.
                  | [demonic ancestry]
  1943 | D:2      | Reached XP level 4. HP: 14/31 MP: 0/7
  2481 | D:3      | Reached skill level 1 in Fighting
  2493 | D:3      | Reached skill level 5 in Necromancy
  2989 | D:3      | Gained mutation: You are mostly covered in yellow scales.
                  | (AC +3) [demonic ancestry]
  2989 | D:3      | Reached XP level 5. HP: 37/37 MP: 0/9
  3682 | D:4      | Identified the ring "Diextoh" {rC+ Will+ Dex+4 SInv}
  3805 | D:4      | Noticed a black bear
  4303 | D:4      | Reached XP level 6. HP: 45/45 MP: 3/11
  4611 | D:4      | Found a hazy altar of Hepliaklqana.
  4612 | D:4      | Found a shadowy altar of Dithmenos.
  4612 | D:4      | Noticed a shadow
  4695 | D:5      | Entered Level 5 of the Dungeon
  4868 | D:5      | Reached skill level 6 in Necromancy
  5097 | D:5      | Noticed a wraith
  5098 | D:5      | Found a shimmering altar of Xom.
  5098 | D:5      | Found a transporter.
  5098 | D:5      | Noticed a yak
  5156 | D:5      | Gained mutation: You have a pair of small horns on your
                  | head. [demonic ancestry]
  5156 | D:5      | Reached XP level 7. HP: 52/52 MP: 10/12
  5327 | D:5      | Found a transporter.
  5943 | D:5      | Noticed a vampire mosquito
  6801 | D:6      | Found a sparkling altar of Nemelex Xobeh.
  6844 | D:6      | Identified the +0 spear of Reason {holy, rElec rCorr Int+5
                  | Dex+2}
  6866 | D:6      | Reached XP level 8. HP: 60/60 MP: 6/14
  7105 | D:6      | Reached skill level 7 in Necromancy
  7776 | D:6      | Reached skill level 5 in Dodging
  7776 | D:6      | Reached skill level 5 in Spellcasting
  8239 | D:7      | Noticed Joseph
  8239 | D:7      | Found a staircase to the Ecumenical Temple.
  8502 | Temple   | Entered the Ecumenical Temple
  8986 | D:7      | Slain by Joseph

Illustrated notes

Levels and vault maps discovered:
D:1:      onia_arrival_zoo_common, layout_basic
D:2:      layout_basic, minivault_14
D:3:      layout_basic, minmay_fountain_box, minmay_misc_feat_five
D:4:      layout_loops_ring, riverfiend_overflow_shadow_ancestor
D:5:      minmay_chambers_of_fours, layout_basic,
          gammafunk_temple_overflow_arena
D:6:      layout_layer_cave, lemuel_crystal_altar
D:7:      layout_rooms, mainiacjoe_overflow_concentric_impassable,
          mainiacjoe_overflow_alcove_4, tgw_kikubaaqudgha,
          hellmonk_sif_muna_bookshelves, minmay_temple_entry_mist, uniq_joseph
Temple:   nicolae_temple_bog_church

Skill      XL: |  1  2  3  4  5  6  7  8 |
---------------+-------------------------+-----
Dodging        | 2 3 4 5 |  5.1
Stealth        | 2 |  2.2
Fighting       | 1 2 3 4 |  4.9
Necromancy     | 5 6 7 |  7.4
Spellcasting   | 3 4 5 |  5.2

Action                     |  1- 3 |  4- 6 |  7- 9 || total
---------------------------+-------+-------+-------++-------
  Melee: Short sword       |     1 |    16 |       ||    17
         Whip              |       |     3 |    41 ||    44
         Headbutt          |       |       |    14 ||    14
   Cast: Necrotise         |    48 |    86 |    65 ||   199
         Vampiric Draining |     2 |    16 |    43 ||    61
   Stab: Sleeping          |       |       |     1 ||     1
 Armour: Robe              |     4 |    24 |    51 ||    79
         Steam dragon scal |       |       |    36 ||    36
  Dodge: Dodged            |     7 |    24 |    77 ||   108
